 Dungeon Crawl Stone Soup version 0.31-a0-4-gefa6de2278 (webtiles) character file.

Game seed: 18091078580631778277

272 kae the Insei (level 6, -7/43 HPs)
             Began as a Merfolk Transmuter on May 4, 2023.
             Mangled by an ogre
             ... wielding a +0 giant club
              (35 damage)
             ... on level 3 of the Dungeon.
             The game lasted 00:02:28 (2177 turns).

kae the Insei (Merfolk Transmuter)                  Turns: 2177, Time: 00:02:29

Health: -7/43      AC:  2    Str: 10    XL:     6   Next: 23%
Magic:  8/11       EV: 20    Int: 14    God:
Gold:   137        SH:  0    Dex: 20    Spells: 1/11 levels left

rFire   . .          .
                       - Unarmed
rCold   . . .        (shield currently unavailable)
rNeg    . . .        a - melded +0 robe
rPois   x            (helmet currently unavailable)
rElec   .            (cloak currently unavailable)
rCorr   .            (gloves currently unavailable)
SInv    .            (boots currently unavailable)
Will    .....        (no amulet)
Stlth   ++           (no ring)
HPRegen 0.27/turn    (no ring)
MPRegen 0.12/turn

%: no passive effects
@: spider-form (expiring)
A: venomous fangs, tiny, (nimble swimmer 2), (mertail)
a: End Transformation


You were on level 3 of the Dungeon.
You were a venomous arachnid creature.
You visited 1 branch of the dungeon, and saw 3 of its levels.

You collected 137 gold pieces.


Innate Abilities, Weirdness & Mutations

You are a venomous arachnid creature.
You have venomous fangs.
You are tiny and dextrous.
Your spellcasting is less reliable in this form.
Your armour is entirely melded.
You are incapable of wielding weapons or throwing items.
((You are very nimble when in or above water. (Stealth+, EV+, Speed+++)))
((Your lower body shifts to a powerful aquatic tail in water.))


   Skills:
 - Level 1.1 Fighting
 - Level 2.6 Dodging
 + Level 4.9 Unarmed Combat
 + Level 3.4 Spellcasting
 + Level 4.8 Transmutations
 * Level 1.0 Ice Magic
 - Level 2.0 Poison Magic


You had one spell level left.
You knew the following spells:

 Your Spells              Type           Power      Damage    Failure   Level
a - Beastly Appendage     Tmut           30%        N/A       10%         1
b - Wereblood             Tmut           15%        N/A       13%         2
c - Spider Form           Tmut/Pois      11%        N/A       34%         3
d - Ice Form              Ice/Tmut       10%        N/A       73%         4

Your spell library contained the following spells:

 Spells                   Type           Power      Damage    Failure   Level
 Apportation              Tloc           4%         N/A       41%         1
 Magic Dart               Conj           8%         1d3       41%         1
 Necrotise                Necr           8%         1d4       41%         1
 Summon Small Mammal      Summ           8%         N/A       41%         1
 Call Imp                 Summ           4%         N/A       52%         2
 Mephitic Cloud           Conj/Pois/Air  4%         N/A       65%         3

Inventory:

Missiles
 e - 9 poisoned darts
 f - 20 stones
 i - 3 boomerangs
 l - 2 atropa-tipped darts
Armour
 a - a +0 robe (melded)
Magical Staves
 c - a staff of fire {!a}
   (You found it on level 2 of the Dungeon)
Jewellery
 C - a ring of ice
   (You found it on level 3 of the Dungeon)
Scrolls
 h - 2 scrolls of teleportation {unknown}
 p - a scroll of fog
Potions
 b - 2 potions of lignification {!q}
 d - 2 potions of curing {@q1}
 g - a potion of resistance
 j - a potion of mutation {!q}
 k - a potion of flight
 m - a potion of might {unknown}
 n - 2 potions of attraction {unknown}
 o - a potion of brilliance {unknown}

Dungeon Overview and Level Annotations

Branches:
Dungeon (3/15) Zot: 15832

Altars:
Gozag

#.# ##. #. .. ... ..# #.
####.# #.# #.# #. ..#.#
#.# ##.###. #.#.# #.#
#...##.
#.#.####.####.#.##.
######..[.##..##...#....
#................#####..
#.s..##.###..>#...#
#O#.###.###.#.#.###
$..#.....).......#
#########.###.##### #.#
#.# ## #.# #.######. .##
#.# #........ ..#
######.# ########. #.#
#......# ##


You could see an ogre (very poisoned).


Message History

An orc comes into view. It is wielding a +0 club.
The frilled lizard hisses angrily.
There are monsters nearby!
You punch the frilled lizard!
You kill the frilled lizard!
An orc comes into view. It is wielding a +0 flail.
The orc shouts!
There are monsters nearby!
Unknown command.
There are monsters nearby!
An orc priest comes into view. It is wielding a +0 flail.
You hit the orc but do no damage. The orc hits you with a +0 club.
You hit the orc. 😕 HP[-2] MP[+1]
You take 2 damage, and now have 41/43 hp.
Your mp is fully restored (11).
Unknown command.
Casting: Beastly Appendage (safe; 3% risk of failure)
Confirm with . or Enter, or press ? or * to list all spells.
Your horns disappear.
You turn into a venomous arachnid creature.
Your +0 robe melds into your body.
The orc misses you.
The orc priest looks braver for a moment.
The orc hits you with a +0 club. 😕 HP[-2] MP[-3]
You take 2 damage, and now have 39/43 hp.
You lost 3 mp, and now have 8/11 mp.
There are monsters nearby!
You hit the orc.
You kill the orc!
The orc priest looks encouraged for a moment.
Unknown command.
You hit the orc.
The orc is poisoned.
The orc completely misses you.
You hit the orc but do no damage.
The orc looks as sick as possible!
The orc completely misses you.
The orc priest calls upon Beogh to heal the orc.
The orc's wounds heal themselves!
Unknown command.
You hit the orc but do no damage.
The orc looks as sick as possible!
The orc completely misses you.
The orc priest mumbles some strange prayers to Beogh against you.
Beogh smites you! 😮 HP[-12]
You take 12 damage, and now have 27/43 hp.
MASSIVE DAMAGE!! (PAUSE)
You hit the orc but do no damage. The orc closely misses you.
You hit the orc.
You kill the orc! 😮 MP[+1]
You hit the orc priest.
The orc priest is poisoned.
The orc priest hits you with a +0 flail. 😮 HP[-2]
You take 2 damage, and now have 25/43 hp.
You hit the orc priest.
The orc priest looks as sick as possible!
The orc priest closely misses you. 😮 HP[+1]
You barely miss the orc priest.
You kill the orc priest!
Your Ice Magic skill increases to level 1!
Items here: ))) [ †††.
Unknown command.
Your transformation is almost over.
Your transformation has ended.
Your +0 robe unmelds from your body. 😮 HP[+4] MP[+2]
You regained 4 hp, and now have 30/43 hp.
Your mp is fully restored (11).
Items here: ))) [ †††.
You see here a frilled lizard corpse.
Found a stone staircase leading up. 😎 HP[+13]
Your hp is fully restored (43).
Key pressed, stopping explore.
Unknown command.
There is a stone staircase leading up here.
Things that are here:
a +0 scythe; a +0 robe An ogre comes into view.
It is wielding a +0 giant club.
An ogre is nearby!
An ogre is nearby!
Casting: Spider Form (dangerous; 16% risk of failure)
Confirm with . or Enter, or press ? or * to list all spells.
You turn into a venomous arachnid creature.
Your +0 robe melds into your body.
The ogre shouts!
The ogre closely misses you. 😎 MP[-3]
You lost 3 mp, and now have 8/11 mp.
You hit the ogre. You completely miss the ogre.
The ogre hits you with a +0 giant club! 😮 HP[-16]
You take 16 damage, and now have 27/43 hp.
MASSIVE DAMAGE!! (PAUSE)
You bite the ogre!
The ogre is poisoned.
Your transformation is almost over.
You hit the ogre but do no damage.
The ogre hits you with a +0 giant club!!
Ouch! That really hurt!
You die...

Skill      XL: |  1  2  3  4  5  6 |
---------------+-------------------+-----
Transmutations | 3 4 |  4.8
Poison Magic   | 1 2 |  2.0
Unarmed Combat | 4 |  4.9
Spellcasting   | 3 |  3.4
Ice Magic      | 1 |  1.0
Fighting       | |  1.1
Dodging        | |  2.6

Action                     |  1- 3 |  4- 6 || total
---------------------------+-------+-------++-------
  Melee: Unarmed           |    88 |    51 ||   139
         Headbutt          |    10 |     4 ||    14
         Punch             |     2 |       ||     2
   Cast: Beastly Appendage |    23 |     7 ||    30
         Spider Form       |       |     3 ||     3
    Use: Scroll            |     9 |     1 ||    10
         Potion            |     2 |       ||     2
   Stab: Sleeping          |     1 |       ||     1
 Armour: Robe              |    23 |     7 ||    30
  Dodge: Dodged            |    51 |    33 ||    84

Levels and vault maps discovered:
D:1:      matt_arrival_refuge, layout_basic
D:2:      layout_rooms, ebering_ecumenical_altar_rust
D:3:      layout_loops_ring, nicolae_gozag_seed_capital,
          minmay_misc_feat_square, nrook_loot_triangle, uniq_sigmund

Notes
Turn   | Place    | Note
-------+----------+-------------------------------------------
     0 | D:1      | kae the Merfolk Transmuter began the quest for the Orb.
     0 | D:1      | Reached XP level 1. HP: 15/15 MP: 3/3
     0 | D:1      | magus.rc [v1.11.3]
   206 | D:1      | Reached XP level 2. HP: 15/21 MP: 3/5
   250 | D:1      | Reached skill level 3 in Transmutations
   636 | D:1      | Reached skill level 1 in Poison Magic
   807 | D:1      | Learned a level 2 spell: Wereblood
   867 | D:2      | Reached XP level 3. HP: 22/26 MP: 4/6
   871 | D:2      | Learned a level 3 spell: Spider Form
  1227 | D:2      | Found a faded altar of an unknown god.
  1349 | D:2      | HP: 5/26 [poisoned by an adder]
  1360 | D:2      | Reached XP level 4. HP: 13/32 MP: 4/7
  1644 | D:3      | Noticed Sigmund
  1655 | D:3      | Killed Sigmund
  1656 | D:3      | Reached skill level 4 in Unarmed Combat
  1656 | D:3      | Reached skill level 3 in Spellcasting
  1656 | D:3      | Reached skill level 4 in Transmutations
  1656 | D:3      | Reached skill level 2 in Poison Magic
  1656 | D:3      | Reached XP level 5. HP: 35/37 MP: 4/10
  1664 | D:3      | Learned a level 4 spell: Ice Form
  1727 | D:3      | Reached XP level 6. HP: 41/43 MP: 9/11
  1740 | D:3      | You pick up a book of Minor Magic and begin reading...
  1740 | D:3      | You add the spells Magic Dart, Call Imp and Mephitic Cloud
                  | to your library.
  1808 | D:3      | Found an opulent altar of Gozag.
  1931 | D:3      | You pick up a book of Cantrips and begin reading...
  1931 | D:3      | You add the spells Necrotise, Summon Small Mammal and
                  | Apportation to your library.
  2053 | D:3      | Reached skill level 1 in Ice Magic
  2177 | D:3      | Mangled by an ogre

Vanquished Creatures
  Sigmund (D:3)
  An orc priest (D:3)
  3 adders
  A worm (D:2)
  2 orcs (D:3)
  2 endoplasms (D:2)
  3 giant cockroaches
  2 goblins (D:2)
  8 hobgoblins
  6 kobolds
  2 quokkas
  6 ball pythons
  4 bats
  3 frilled lizards
  3 rats
47 creatures vanquished.

Table legend:
 A = Non-vault XP
 B = Vault XP
 C = Vault XP percentage of total XP
 D = Non-vault monster count
 E = Vault monster count
 F = Vault count percentage of total count
                 A         B        C        D         E       F
            +---------+---------+-------+---------+---------+-------
      Total |     158 |     231 |  59.4 |      46 |       1 |   2.1
            +---------+---------+-------+---------+---------+-------
        D:1 |      26 |       0 |   0.0 |      15 |       0 |   0.0
        D:2 |      59 |       0 |   0.0 |      19 |       0 |   0.0
        D:3 |      73 |     231 |  76.0 |      12 |       1 |   7.7
            +---------+---------+-------+---------+---------+-------

Skill      XL: |  1  2  3  4  5  6 |
---------------+-------------------+-----
Transmutations | 3 4 |  4.8
Poison Magic   | 1 2 |  2.0
Unarmed Combat | 4 |  4.9
Spellcasting   | 3 |  3.4
Ice Magic      | 1 |  1.0
Fighting       | |  1.1
Dodging        | |  2.6

Action                     |  1- 3 |  4- 6 || total
---------------------------+-------+-------++-------
  Melee: Unarmed           |    88 |    51 ||   139
         Headbutt          |    10 |     4 ||    14
         Punch             |     2 |       ||     2
   Cast: Beastly Appendage |    23 |     7 ||    30
         Spider Form       |       |     3 ||     3
    Use: Scroll            |     9 |     1 ||    10
         Potion            |     2 |       ||     2
   Stab: Sleeping          |     1 |       ||     1
 Armour: Robe              |    23 |     7 ||    30
  Dodge: Dodged            |    51 |    33 ||    84

Illustrated notes

Table legend:
 A = Kills in this place as a percentage of kills in the entire game.
 B = Kills by you in this place as a percentage of kills by you in the entire game.
 C = Kills by friends in this place as a percentage of kills by friends in the entire game.
 D = Other kills in this place as a percentage of other kills in the entire game.
 E = Experience gained in this place as a percentage of experience gained in the entire game.
 F = Experience gained in this place divided by the number of levels of this place that you have seen.
                   A       B       C       D       E      F
               +-------+-------+-------+-------+-------+----------------------
         Total | 100.0 | 100.0 |   N/A |   N/A | 100.0 | 129.7
       Dungeon | 100.0 | 100.0 |   N/A |   N/A | 100.0 | 129.7
               +-------+-------+-------+-------+-------+----------------------

Table legend: (Time is in decaauts)
 A = Elapsed time spent in this place.
 B = Non-inter-level travel time spent in this place.
 C = Inter-level travel time spent in this place.
 D = Time resting spent in this place.
 E = Time spent auto-exploring this place.
 F = Levels seen in this place.
 G = Mean time per level.
                   A        B        C        D        E       F      G
               +--------+--------+--------+--------+--------+-----+--------+
         Total |   2166 |   2153 |     13 |      0 |   1767 |   3 |  722.0 |
       Dungeon |   2166 |   2153 |     13 |      0 |   1767 |   3 |  722.0 |
               +--------+--------+--------+--------+--------+-----+--------+

Top non-repeatable levels by time:
     D:1: 813 daAuts
     D:2: 722 daAuts
     D:3: 630 daAuts
